 Dungeon Sprint DCSS version 0.22-a0-83-g218e7ff (webtiles) character file.

2557 Kidiri the Eclecticist (level 9, -26/78 HPs)
             Began as a Deep Elf Fire Elementalist on Jan 20, 2018.
             Was a High Priest of Vehumet.
             Annihilated by a phantasmal warrior (29 damage)
             ... in the Dungeon (Sprint VII: "The Pits").
             The game lasted 00:10:07 (1664 turns).

Kidiri the Eclecticist (Deep Elf Fire Elementalist) Turns: 1664, Time: 00:10:07

Health: -26/78     AC: 13    Str: 10    XL:     9   Next: 31%
Magic:  29/30      EV: 14    Int: 24    God:    Vehumet [*****.]
Gold:   0          SH:  0    Dex: 21    Spells: 14/39 levels left

rFire    . . .     SeeInvis .   r - +1 long sword (holy)
rCold    . . .     Gourm    .   (no shield)
rNeg     . . .     Faith    .   p - +5 ring mail
rPois    .         Spirit   .   (no helmet)
rElec    .         Reflect  .   x - +0 cloak
rCorr    .         Harm     .   w - +0 pair of gloves
MR       .....     NoTele   +   (no boots)
Stlth    ..........             (no amulet)
HPRegen  0.23/turn              s - +3 ring of dexterity
MPRegen  0.22/turn              t - +3 ring of dexterity

@: berserking (expiring), vulnerable, very slightly contaminated, very quick
A: no striking features
a: Renounce Religion


You were in the Dungeon.
You worshipped Vehumet.
Vehumet was extremely pleased with you.
You were not hungry.

You visited 1 branch

Inventory:

Hand Weapons
 n - a +2 dagger
 o - a +2 falchion
 q - a +0 dagger of venom
 r - a +1 long sword of holy wrath (weapon)
 y - the +2 scimitar of the Foremost Ghosts {freeze, rElec rF- Dex+3}
   (You found it in the Dungeon)

   It has been specially enchanted to freeze those struck by it, causing extra
   injury to most foes and up to half again as much damage against particularly
   susceptible opponents.
   It can also slow down cold-blooded creatures.
   It affects your dexterity (+3).
   It makes you vulnerable to fire.
   It insulates you from electricity.
 z - a +2 rapier of venom
Armour
 a - a +0 robe
 p - a +5 ring mail (worn)
 w - a +0 pair of gloves (worn)
 x - a +0 cloak (worn)
Jewellery
 s - a +3 ring of dexterity (left hand)
 t - a +3 ring of dexterity (right hand)
Scrolls
 k - 3 scrolls of remove curse
 l - 5 scrolls of amnesia
 m - a scroll of summoning
Potions
 d - 8 potions of curing
 e - 2 potions of heal wounds
 f - 3 potions of haste
 g - 3 potions of magic
 h - 2 potions of berserk rage
 j - 2 potions of invisibility
 u - a potion of might
 v - a potion of mutation
Books
 b - a book of Flames

   Spells                             Type                      Level
   a - Flame Tongue                   Conjuration/Fire             1
   b - Throw Flame                    Conjuration/Fire             2
   c - Conjure Flame                  Conjuration/Fire             3
   d - Inner Flame                    Hexes/Fire                   3
   e - Sticky Flame                   Conjuration/Fire             4
   f - Fireball                       Conjuration/Fire             5
Comestibles
 c - 9 rations


   Skills:
 + Level 3.8 Fighting
 + Level 4.6 Short Blades
 + Level 3.8 Armour
 + Level 6.2 Dodging
 - Level 2.4 Stealth
 * Level 15.9 Spellcasting
 + Level 10.0 Conjurations
 + Level 5.0 Transmutations
 + Level 10.4 Fire Magic
 + Level 5.0 Poison Magic


You had 14 spell levels left.
You knew the following spells:

 Your Spells              Type           Power        Failure   Level  Hunger
a - Flame Tongue          Conj/Fire      #####        1%          1    None
b - Throw Flame           Conj/Fire      ######       1%          2    None
c - Conjure Flame         Conj/Fire      ######..     1%          3    None
d - Inner Flame           Hex/Fire       #####...     1%          3    None
e - Ignite Poison         Fire/Tmut/Pois ######..     1%          3    None
f - Sticky Flame          Conj/Fire      ######..     1%          4    None
g - Fireball              Conj/Fire      ######....   1%          5    #......
h - Olgreb's Toxic Radia  Pois           #####...     2%          4    None


Dungeon Overview and Level Annotations

Branches:
Dungeon (1/1)

Altars:
Ashenzari
Cheibriados
Dithmenos
Elyvilon
Fedhas
Gozag
Hepliaklqana
Kikubaaqudgha
Makhleb
Nemelex Xobeh
Okawaru
Qazlal
Ru
Sif Muna
Trog
Uskayaw
Vehumet
Wu Jian
Xom
Yredelemnul
Zin
The Shining One
Beogh
Jiyva
Lugonu

Annotations:
D exclusions: 4 doors and 4 more exclusions


Message History

The phantasmal warrior is lightly damaged.
The phantasmal warrior barely misses you.
You riposte.
You hit the phantasmal warrior.
The phantasmal warrior convulses.
The phantasmal warrior is moderately damaged.
You closely miss the phantasmal warrior.
The phantasmal warrior is moderately damaged.
The phantasmal warrior barely misses you.
You hit the phantasmal warrior.
The phantasmal warrior convulses.
The phantasmal warrior is heavily damaged.
The phantasmal warrior hits you!
You hit the phantasmal warrior.
The phantasmal warrior convulses.
The phantasmal warrior is heavily damaged.
You hit the phantasmal warrior.
The phantasmal warrior convulses.
The phantasmal warrior is severely damaged.
The phantasmal warrior hits you!!
* * * LOW HITPOINT WARNING * * *
You hit the phantasmal warrior but do no damage.
The phantasmal warrior is severely damaged.
The phantasmal warrior hits you!!
You die...

#_________.# #_________.#
#_______...###########++######
##########+##................#
#.?(.+)).+.##......#..#......#
##########.##................+
#.........).+................+
#+#####+#####......#..#......#
#.#..#...+.##...@W...........#
#)#..#...#.#####'#####''######
#.#..#####.##.......##+'###
#)#..+...#.##.......##W...#
#.#.(+)((+.##.......##...##
#.#..########...<...##.ยง##
#.#..+[..).##.......##..#
#)#..#[))).##.......##..+
#+###########.......##.##


You could see a phantasmal warrior.

Vanquished Creatures
  A death yak (D)
  A merfolk siren (D)
  A troll (D)
  A dream sheep (D)
  A fire bat (D)
  A hungry ghost (D)
  Edmund (D)
  Duvessa (D)
  2 orc warriors (D)
  A sky beast (D)
  An ogre (D)
  A necrophage (D)
  A centaur (D)
  A scorpion (D)
  An orc priest (D)
  2 orc wizards (D)
  A gnoll (D)
  A river rat (D)
  An adder (D)
  An ooze (D)
  An adder zombie (D)
  A leopard gecko (D)
  5 orcs (D)
  A bat (D)
  A goblin (D)
  A quokka (D)
  A ball python (D)
  A kobold (D)
34 creatures vanquished.

Notes
Turn   | Place    | Note
-------+----------+-------------------------------------------
     0 | D        | Kidiri the Deep Elf Fire Elementalist began the quest for the Orb.
     0 | D        | Reached XP level 1. HP: 10/10 MP: 6/6
    59 | D        | Found a bloodstained altar of Trog.
    59 | D        | Found a deep blue altar of Sif Muna.
    59 | D        | Found a viscous altar of Jiyva.
    59 | D        | Found a hazy altar of Hepliaklqana.
    59 | D        | Found an opulent altar of Gozag.
    60 | D        | Found a glowing golden altar of the Shining One.
    60 | D        | Found a glowing silver altar of Zin.
    60 | D        | Found a basalt altar of Yredelemnul.
    60 | D        | Found a shimmering altar of Xom.
    60 | D        | Found an ornate altar of the Wu Jian Council.
    60 | D        | Found a sacrificial altar of Ru.
    60 | D        | Found a stormy altar of Qazlal.
    60 | D        | Found an iron altar of Okawaru.
    60 | D        | Found a sparkling altar of Nemelex Xobeh.
    60 | D        | Found a burning altar of Makhleb.
    60 | D        | Found a blossoming altar of Fedhas.
    60 | D        | Found a white marble altar of Elyvilon.
    60 | D        | Found a shadowy altar of Dithmenos.
    60 | D        | Found a snail-covered altar of Cheibriados.
    62 | D        | Found a radiant altar of Vehumet.
    62 | D        | Found a corrupted altar of Lugonu.
    62 | D        | Found a roughly hewn altar of Beogh.
    63 | D        | Found a hide-covered altar of Uskayaw.
    63 | D        | Found an ancient bone altar of Kikubaaqudgha.
    63 | D        | Found a shattered altar of Ashenzari.
    70 | D        | Became a worshipper of Vehumet
   104 | D        | Reached skill level 4 in Spellcasting
   250 | D        | Reached * piety under Vehumet
   250 | D        | Offered knowledge of Sting by Vehumet.
   250 | D        | Reached skill level 5 in Spellcasting
   250 | D        | Reached XP level 2. HP: 5/15 MP: 6/10
   254 | D        | Learned a level 2 spell: Throw Flame
   485 | D        | Reached ** piety under Vehumet
   485 | D        | Offered knowledge of Magic Dart by Vehumet.
   485 | D        | Reached skill level 6 in Spellcasting
   511 | D        | Reached XP level 3. HP: 14/19 MP: 7/13
   567 | D        | Learned a level 3 spell: Conjure Flame
   571 | D        | Learned a level 3 spell: Inner Flame
   604 | D        | Noticed an ogre
   604 | D        | Noticed an orc warrior
   606 | D        | Noticed a hungry ghost
   606 | D        | Noticed an orc warrior
   606 | D        | Noticed a scorpion
   619 | D        | Killed an ogre
   619 | D        | Killed a hungry ghost
   619 | D        | Reached skill level 10 in Spellcasting
   619 | D        | Reached skill level 5 in Conjurations
   619 | D        | Reached XP level 4. HP: 9/24 MP: 12/18
   619 | D        | Reached XP level 5. HP: 11/28 MP: 12/19
   619 | D        | Killed an orc warrior
   619 | D        | Reached *** piety under Vehumet
   619 | D        | Reached skill level 11 in Spellcasting
   619 | D        | Reached skill level 12 in Spellcasting
   619 | D        | Reached XP level 6. HP: 13/32 MP: 14/23
   621 | D        | Killed an orc warrior
   621 | D        | Reached skill level 13 in Spellcasting
   625 | D        | Noticed a fire bat
   626 | D        | Offered knowledge of Ignite Poison by Vehumet.
   626 | D        | Reached **** piety under Vehumet
   626 | D        | Reached XP level 7. HP: 25/36 MP: 10/26
   626 | D        | Reached ***** piety under Vehumet
   650 | D        | Learned a level 4 spell: Sticky Flame
   656 | D        | Learned a level 5 spell: Fireball
   660 | D        | Learned a level 3 spell: Ignite Poison
   857 | D        | Killed a fire bat
   857 | D        | Offered knowledge of Olgreb's Toxic Radiance by Vehumet.
   857 | D        | Reached skill level 1 in Fighting
   857 | D        | Reached skill level 1 in Short Blades
   857 | D        | Reached skill level 1 in Armour
   857 | D        | Reached skill level 14 in Spellcasting
   857 | D        | Reached skill level 1 in Transmutations
   857 | D        | Reached skill level 1 in Poison Magic
   866 | D        | Learned a level 4 spell: Olgreb's Toxic Radiance
  1034 | D        | Offered knowledge of Dazzling Spray by Vehumet.
  1156 | D        | Noticed a dream sheep
  1160 | D        | Killed a dream sheep
  1211 | D        | Noticed Edmund
  1211 | D        | Noticed Duvessa
  1213 | D        | Killed Duvessa
  1213 | D        | Offered knowledge of Force Lance by Vehumet.
  1213 | D        | Reached XP level 8. HP: 44/44 MP: 18/28
  1216 | D        | Killed Edmund
  1268 | D        | Noticed a death yak
  1268 | D        | Noticed a merfolk siren
  1270 | D        | Killed a merfolk siren
  1270 | D        | Reached skill level 5 in Dodging
  1270 | D        | Reached skill level 15 in Spellcasting
  1270 | D        | Reached skill level 10 in Fire Magic
  1277 | D        | Killed a death yak
  1277 | D        | Reached XP level 9. HP: 17/51 MP: 21/30
  1324 | D        | Got the +2 scimitar of the Foremost Ghosts {freeze, rElec rF- Dex+3}
  1623 | D        | Noticed a troll
  1633 | D        | Killed a troll
  1633 | D        | Offered knowledge of Bolt of Draining by Vehumet.
  1633 | D        | Reached skill level 10 in Conjurations
  1633 | D        | Reached skill level 5 in Transmutations
  1633 | D        | Reached skill level 5 in Poison Magic
  1639 | D        | Noticed a phantasmal warrior
  1663 | D        | HP: 3/78 [phantasmal warrior (24)]
  1664 | D        | Annihilated by a phantasmal warrior

Vault maps used:
D:        pitsprint

Skill      XL: |  1  2  3  4  5  6  7  8  9 |
---------------+----------------------------+-----
Spellcasting   | 5 6 10 12 13 14 15 | 15.9
Conjurations   | 2 3 5 7 8 9 10 | 10.0
Fire Magic     | 4 6 8 9 10 | 10.4
Fighting       | 1 3 |  3.8
Short Blades   | 2 4 |  4.6
Armour         | 1 3 |  3.8
Dodging        | 3 5 6 |  6.2
Transmutations | 2 4 5 |  5.0
Poison Magic   | 2 4 5 |  5.0
Stealth        | |  2.4

Action                   |  1- 3 |  4- 6 |  7- 9 || total
-------------------------+-------+-------+-------++-------
Melee: Falchion          |     2 |       |    10 ||    12
       Dagger            |       |       |     4 ||     4
       Long sword        |       |       |     9 ||     9
 Cast: Flame Tongue      |    23 |     4 |    15 ||    42
       Throw Flame       |     2 |       |     1 ||     3
       Conjure Flame     |     3 |       |     2 ||     5
       Inner Flame       |     1 |     2 |     1 ||     4
       Sticky Flame      |       |       |     4 ||     4
       Olgreb's Toxic Ra |       |       |     2 ||     2
       Ignite Poison     |       |       |     2 ||     2
       Fireball          |       |       |     1 ||     1
  Use: Potion            |     1 |     1 |     7 ||     9
       Scroll            |       |       |     1 ||     1
 Stab: Sleeping          |       |       |     1 ||     1
  Eat: Chunk             |       |       |     2 ||     2
Armor: Robe              |     1 |       |     3 ||     4
       Ring mail         |       |       |     2 ||     2
Dodge: Dodged            |     7 |       |    22 ||    29
       Rpst.: Falchion   |       |       |     2 ||     2
       Long sword        |       |       |     1 ||     1

Table legend:
 A = Spawn XP
 B = Non-spawn XP
 C = Spawn XP percentage of total XP
 D = Spawn monster count
 E = Non-spawn monster count
 F = Spawn count percentage of total count
 G = Total turns spent on level
                    A         B        C        D         E        F      G
               +---------+---------+-------+---------+---------+-------+---------
         Total |       0 |    3654 |   0.0 |       0 |      34 |   0.0 |  1664
               +---------+---------+-------+---------+---------+-------+---------
             D |       0 |    3654 |   0.0 |       0 |      34 |   0.0 |  1664
               +---------+---------+-------+---------+---------+-------+---------
